 Dungeon Crawl Stone Soup version 0.28.0-53-g5a82cb258f (webtiles) character file.

Game seed: 17824347280528987810

295 Zeld the Magician (level 6, 0/32 HPs)
             Began as a Deep Elf Fire Elementalist on May 21, 2022.
             Slain by an iguana (10 damage)
             ... on level 5 of the Dungeon.
             The game lasted 00:04:06 (5874 turns).

Zeld the Magician (Deep Elf Fire Elementalist)      Turns: 5874, Time: 00:04:06

Health: 0/32       AC:  3    Str:  5    XL:     6   Next: 11%
Magic:  0/16       EV: 13    Int: 22    God:
Gold:   155        SH:  0    Dex: 15    Spells: 5/15 levels left

rFire   . . .      SeeInvis .   q - +0 falchion (vorpal)
rCold   . . .      Faith    .   (no shield)
rNeg    . . .      Spirit   .   a - +0 robe
rPois   .          Reflect  .   (no helmet)
rElec   .          Harm     .   h - +0 cloak
rCorr   .          Rampage  .   (no gloves)
Will    .....                   (no boots)
Stlth   ++........              (no amulet)
HPRegen 0.10/turn               (no ring)
MPRegen 0.15/turn               (no ring)

@: no status effects
A: no striking features
a: no special abilities


You were on level 5 of the Dungeon.
You visited 1 branch of the dungeon, and saw 5 of its levels.

You collected 155 gold pieces.

Inventory:

Hand Weapons
 q - a +0 vorpal falchion (weapon)
Armour
 a - a +0 robe (worn)
 h - a +0 cloak (worn)
Jewellery
 l - a ring of resist corrosion
Wands
 o - a wand of flame (22)
Scrolls
 c - 2 scrolls of identify {unknown}
 f - 4 scrolls of noise {unknown}
 k - a scroll of fog {unknown}
 m - a scroll of teleportation {unknown}
 n - a scroll of silence {unknown}
 p - 2 scrolls of immolation {unknown}
Potions
 b - a potion of degeneration {unknown}
 d - 2 potions of curing {unknown}
 g - a potion of might {unknown}
 i - a potion of invisibility {unknown}
 j - a potion of magic {unknown}


   Skills:
 + Level 3.8 Dodging
 - Level 2.4 Stealth
 * Level 5.4 Spellcasting
 + Level 2.7 Conjurations
 * Level 5.2 Fire Magic


You had 5 spell levels left.
You knew the following spells:

 Your Spells              Type           Power      Damage    Failure   Level
a - Foxfire               Conj/Fire      92%        2x1d8     1%          1
b - Scorch                Fire           56%        2d8       1%          2
c - Inner Flame           Hex/Fire       17%        N/A       10%         3
d - Flame Wave            Conj/Fire      23%        2d7       19%         4

Your spell library contained the following spells:

 Spells                   Type           Power      Damage    Failure   Level
 Conjure Flame            Conj/Fire      23%        6-21      5%          3
 Slow                     Hex            20%        N/A       10%         1
 Yara's Violent Unravell  Hex/Tmut       2%         3d3       95%         5
 Discord                  Hex            2%         N/A       100%        8


Dungeon Overview and Level Annotations

Branches:
Dungeon (5/15)
 Temple: D:4-7

Altars:

Annotations:
D:4 Edmund


Message History

Things that are here:
a +0 vorpal falchion; a +0 ring mail You are now empty-handed.
You drop a +2 dagger of draining.
Things that are here:
a +0 vorpal falchion; a +0 ring mail You see here a +2 dagger of draining.
Things that are here:
a +0 vorpal falchion; a +0 ring mail
e - a +0 vorpal falchion
e - a +0 vorpal falchion (weapon)
Adjust to which letter? (? for menu, Esc to quit)
q - a +0 vorpal falchion (weapon)
Sorry, you're not good enough to have a special ability.
Okay, then.
There is a stone staircase leading down here.
You start resting.
Edmund is nearby!
Edmund is nearby!
Edmund is nearby!
You climb downwards.
The orc barely misses you. The iguana bites you! The orc misses you.
There is a stone staircase leading up here.
Casting: Scorch (safe; 1% risk of failure)
Confirm with . or Enter, or press ? or * to list all spells.
Flames lash the orc.
You kill the orc!
The iguana misses you. The orc closely misses you.
Unknown command.
Casting: Scorch (safe; 1% risk of failure)
Confirm with . or Enter, or press ? or * to list all spells.
Flames lash the iguana.
The iguana is heavily wounded.
The iguana's fire resistance burns away.
The iguana bites you. The orc barely misses you.
Unknown command.
Casting: Scorch (safe; 1% risk of failure)
Confirm with . or Enter, or press ? or * to list all spells.
Flames lash the iguana but do no damage.
The iguana bites you!
You die...

. #..#### ###
#
#......##l#.#
#.....)..@o.#
##...[#######
#... #.. #. #


You could see an iguana (combustible) and an orc.

Vanquished Creatures
  A scorpion (D:3)
  An orc priest (D:4)
  Crazy Yiuf (D:2)
  A centaur skeleton (D:4)
  6 adders
  An ufetubus (D:3)
  A dart slug (D:2)
  5 orcs
  9 ball pythons
  8 bats
  9 endoplasms
  2 giant cockroaches
  8 goblins
  5 hobgoblins
  7 jackals (D:3)
  4 kobolds
  5 quokkas
  6 frilled lizards
  8 rats
88 creatures vanquished.

Vanquished Creatures (others)
  29 foxfires
29 creatures vanquished.

Grand Total: 117 creatures vanquished

Notes
Turn   | Place    | Note
-------+----------+-------------------------------------------
     0 | D:1      | Zeld the Deep Elf Fire Elementalist began the quest for the
                  | Orb.
     0 | D:1      | Reached XP level 1. HP: 10/10 MP: 6/6
   156 | D:1      | Reached XP level 2. HP: 13/15 MP: 0/8
   159 | D:1      | Learned a level 2 spell: Scorch
   463 | D:1      | You fall into a shaft and drop 1 floor!
   574 | D:2      | Reached XP level 3. HP: 18/19 MP: 0/10
  2152 | D:2      | Reached XP level 4. HP: 24/24 MP: 9/12
  2156 | D:2      | Learned a level 3 spell: Inner Flame
  2161 | D:2      | Learned a level 4 spell: Flame Wave
  2778 | D:2      | Found a runed translucent door.
  2779 | D:2      | Noticed Crazy Yiuf
  2786 | D:2      | Killed Crazy Yiuf
  3308 | D:3      | Reached XP level 5. HP: 28/28 MP: 13/13
  3317 | D:3      | Found a faded altar of an unknown god.
  3677 | D:3      | Reached skill level 5 in Spellcasting
  4407 | D:4      | Reached skill level 5 in Fire Magic
  4622 | D:4      | Noticed Edmund
  5047 | D:4      | Got Xuosaops's Reference Book on Hexes
  5828 | D:5      | Entered Level 5 of the Dungeon
  5842 | D:4      | Reached XP level 6. HP: 21/32 MP: 1/16
  5874 | D:5      | Slain by an iguana

Illustrated notes

Levels and vault maps discovered:
D:1:      matt_arrival_grand_opening, layout_basic
D:2:      layout_loops_ring, uniq_crazy_yiuf_cottage
D:3:      layout_loops_ring, basic_ecumenical_altar,
          minmay_randomly_rotated_circles
D:4:      layout_loops_ring, lemuel_old_faithful, uniq_edmund
D:5:      layout_basic, minmay_holes, st_stairs_2, chequers_mini_garden,
          serial_bayou_pond_c, minmay_misc_feat_rows,
          eino_small_chamber_without_monster, minmay_fountain_box,
          minmay_misc_feat_x, nicolae_shop_firing_range, uniq_sigmund,
          uniq_duvessa, uniq_eustachio, uniq_menkaure

Skill      XL: |  1  2  3  4  5 |
---------------+----------------+-----
Dodging        | 3 |  3.8
Fire Magic     | 4 5 |  5.2
Spellcasting   | 4 5 |  5.4
Conjurations   | 2 |  2.7
Stealth        | |  2.4

Action                   |  1- 3 |  4- 6 || total
-------------------------+-------+-------++-------
Melee: Dagger            |     4 |    18 ||    22
 Cast: Foxfire           |    17 |     3 ||    20
       Scorch            |    38 |    70 ||   108
       Inner Flame       |       |     2 ||     2
 Stab: Sleeping          |       |     1 ||     1
Armor: Robe              |     1 |     7 ||     8
Dodge: Dodged            |    18 |    59 ||    77
